 Dungeon Crawl Stone Soup version 0.19.4-10-g532645f (webtiles) character file.

153 Naow the Conjurer (level 5, -1/28 HPs)
             Began as a Deep Elf Conjurer on Feb 25, 2017.
             Killed from afar by Sigmund (7 damage)
             ... with a puff of flame
             ... on level 3 of the Dungeon.
             The game lasted 00:03:47 (3365 turns).

Naow the Conjurer (Deep Elf Conjurer)               Turns: 3365, Time: 00:03:47

Health: -1/28      AC:  2    Str:  5    XL:     5   Next: 12%
Magic:  1/13       EV: 13    Int: 21    God:
Gold:   131        SH:  0    Dex: 15    Spells: 2 memorised, 10 levels left

rFire  . . .     SeeInvis .     (no weapon)
rCold  . . .     Gourm    .     a - +0 robe
rNeg   . . .     Faith    .     (no shield)
rPois  .         Spirit   .     (no helmet)
rElec  .         Reflect  .     (no cloak)
rCorr  .         Harm     .     (no gloves)
MR     .....                    (no boots)
Stlth  ++........               (no amulet)
                                (no ring)
                                (no ring)

@: no status effects
A: no striking features
a: no special abilities


You were on level 3 of the Dungeon.
You were not hungry.

You visited 1 branch of the dungeon, and saw 3 of its levels.

You collected 131 gold pieces.

Inventory:

Armour
 a - a +0 robe (worn)
Jewellery
 g - an uncursed ring of resist corrosion {unknown}
Wands
 y - a wand of flame (33/48)
Scrolls
 d - 5 scrolls of identify {unknown}
 h - a scroll of random uselessness {unknown}
 j - 4 scrolls of immolation {unknown}
 l - a scroll of remove curse {unknown}
 m - a scroll of recharging {unknown}
 p - a scroll of magic mapping {unknown}
 q - a scroll of blinking {unknown}
 r - a scroll of fog {unknown}
 t - a scroll of noise {unknown}
 v - a scroll of teleportation {unknown}
 w - 2 scrolls of amnesia {unknown}
 A - a scroll of enchant armour {unknown}
Potions
 e - 3 potions of agility {unknown}
 k - a potion of cancellation {unknown}
 n - a potion of brilliance {unknown}
 o - a potion of curing {unknown}
 u - a potion of cure mutation {unknown}
 x - 2 potions of flight {unknown}
 z - a potion of degeneration {unknown}
 B - a potion of ambrosia {unknown}
Books
 b - a book of Conjurations

   Spells                             Type                      Level
   a - Magic Dart                     Conjuration                  1
   b - Searing Ray                    Conjuration                  2
   c - Dazzling Spray                 Conjuration/Hexes            3
   d - Fulminant Prism                Conjuration/Hexes            4
   e - Iskenderun's Mystic Blast      Conjuration                  4
   f - Iskenderun's Battlesphere      Conjuration/Charms           5
Comestibles
 c - 3 bread rations
 f - 2 meat rations
 i - 7 fruits
 s - a royal jelly


   Skills:
 - Level 2.4 Dodging
 - Level 2.4 Stealth
 + Level 4.6 Spellcasting
 * Level 6.4 Conjurations


You had 10 spell levels left.
You knew the following spells:

 Your Spells              Type           Power        Failure   Level  Hunger
a - Magic Dart            Conj           ####         1%          1    None
b - Searing Ray           Conj           ####..       1%          2    #......


Dungeon Overview and Level Annotations

Branches:
Dungeon (3/15)

Altars:
Hepliaklqana
Qazlal
Trog

Annotations:
D:3 Sigmund


Message History

(Press . to maintain the ray.)
A magic dart appears from out of thin air!
The magic dart hits you!
The searing ray hits something.
The searing ray hits something.
Something hits you.
You finish channeling your searing ray.
Casting: Searing Ray
Confirm with . or Enter, or press ? or * to list all spells.
Aiming: Searing Ray
Press: ? - help, Shift-Dir - straight line (Press . to maintain the ray.)
You hear some strange, mumbled words.
A puff of flame appears from out of thin air!
The puff of flame hits you!
* * * LOW HITPOINT WARNING * * *
The searing ray hits something.
You hear some strange, mumbled words.
A puff of flame appears from out of thin air!
The puff of flame hits you!
You die...

.##.##.###### #.###.# #.#
#.... .#...#......# #.#
#.# #.# #.#..
##...##....[####.###.###.#
#.#..
#.....#..................#
#.#..
#..)..###...####.####.##.#
#.#.# ...8....###.# #.#
#.##.# #.#.. ...#......###
#.# #.##.# #.###
.8###8....._# #.# #..#.#
#.##. ...#......### #@#
##.#.####.##. ...8....###
#.# #...##...... #.....###
#{# ##..##...... #.....#
..# #..##...... ##...##
##.. ####..##...... ##...#
..≈ #....>##...... .##.##
≈≈≈##.###.##...... #.#_#
†≈≈#......##...... #.###
≈≈≈≈##...)..'......


There were no monsters in sight!

Vanquished Creatures
  5 adders
  An ooze (D:2)
  7 worms
  5 dart slugs
  A leopard gecko (D:2)
  5 orcs (D:3)
  7 bats
  2 giant cockroaches
  4 goblins
  5 hobgoblins
  4 jackals (D:3)
  3 quokkas
  4 ball pythons
  5 frilled lizards
  6 kobolds
  6 rats
70 creatures vanquished.

Notes
Turn   | Place    | Note
-------+----------+-------------------------------------------
     0 | D:1      | Naow the Deep Elf Conjurer began the quest for the Orb.
     0 | D:1      | Reached XP level 1. HP: 10/10 MP: 6/6
   292 | D:1      | Reached XP level 2. HP: 15/15 MP: 6/8
   533 | D:1      | Reached skill level 5 in Conjurations
   993 | D:2      | Reached XP level 3. HP: 19/19 MP: 1/10
  1393 | D:2      | Reached XP level 4. HP: 24/24 MP: 8/12
  2084 | D:2      | Learned a level 2 spell: Searing Ray
  2181 | D:3      | Reached skill level 6 in Conjurations
  2241 | D:3      | Found a bloodstained altar of Trog.
  2267 | D:3      | Found a hazy altar of Hepliaklqana.
  2273 | D:3      | Found a stormy altar of Qazlal.
  2324 | D:3      | Noticed Sigmund
  2772 | D:3      | Found a faded altar of an unknown god.
  3144 | D:3      | Reached XP level 5. HP: 24/28 MP: 3/13
  3365 | D:3      | Killed from afar by Sigmund

Skill      XL: |  1  2  3  4 |
---------------+-------------+-----
Conjurations   | 5 6 |  6.4
Spellcasting   | 4 |  4.6
Dodging        | |  2.4
Stealth        | |  2.4

Action                   |  1- 3 |  4- 6 || total
-------------------------+-------+-------++-------
Melee: Unarmed           |       |    11 ||    11
 Cast: Magic Dart        |    62 |   100 ||   162
       Searing Ray       |       |     7 ||     7
  Eat: Chunk             |     1 |     6 ||     7
Armor: Robe              |     1 |       ||     1
Dodge: Dodged            |     9 |    20 ||    29
